 Dungeon Crawl Stone Soup version 0.27-a0-978-g2aa4ecdaef (webtiles) character file.

Game seed: 14569174033000527570

10624 robertstho the Grappler (level 11, -5/105 HPs)
             Began as a Troll Fighter on Apr 14, 2021.
             Was a High Priest of Okawaru.
             Slain by a yaktaur (15 damage)
             ... on level 10 of the Dungeon.
             The game lasted 00:10:32 (7374 turns).

robertstho the Grappler (Troll Fighter)             Turns: 7374, Time: 00:10:33

Health: -5/105     AC:  5    Str: 28    XL:     11   Next: 38%
Magic:  11/13      EV: 12    Int:  5    God:    Okawaru [*****.]
Gold:   490        SH: 12    Dex:  9    Spells: 10/10 levels left

rFire    . . .     SeeInvis .     - Unarmed
rCold    + . .     Faith    .   b - +0 kite shield
rNeg     . . .     Spirit   .   l - +0 robe {Will+}
rPois    .         Reflect  .   (helmet restricted)
rElec    .         Harm     .   n - +0 cloak
rCorr    .         Rampage  .   (gloves unavailable)
Will     +....                  (boots unavailable)
Stlth    +++.......             A - amulet of regeneration
HPRegen  2.27/turn              y - ring of protection from cold
MPRegen  0.13/turn              (no ring)

@: heroic, hasted, very quick
A: large, unfitting armour, claws 3, regeneration 1, shaggy fur 1, tough skin 1
a: Renounce Religion, Heroism, Finesse


You were on level 10 of the Dungeon.
You worshipped Okawaru.
Okawaru was extremely pleased with you.
You visited 1 branch of the dungeon, and saw 10 of its levels.
You also visited: Ossuary.

You collected 490 gold pieces.

Inventory:

Hand Weapons
 w - a +3 dire flail of freezing
 G - the +6 mace of the Pyrrhic Victory {vorpal, rF+++ Will- Dex+7}
   (You found it on level 7 of the Dungeon)

   It inflicts extra damage upon your enemies.
   It affects your dexterity (+7).
   It renders you almost immune to fire.
   It decreases your willpower.
 J - a +3 scimitar of flaming
Missiles
 s - 5 throwing nets (quivered)
 H - a curare-tipped dart
Armour
 b - a +0 kite shield (worn)
 l - a +0 robe of willpower (worn)
 n - a +0 cloak (worn)
Jewellery
 t - an amulet of the acrobat
 y - a ring of protection from cold (left claw)
 A - an amulet of regeneration (around neck)
 B - a +6 ring of intelligence
 E - a ring of magical power
Wands
 e - a wand of digging (7)
 i - a wand of flame (32)
 u - a wand of iceblast (19)
 x - a wand of acid (13)
Scrolls
 a - 5 scrolls of fog {unknown}
 c - 5 scrolls of teleportation
 d - 2 scrolls of enchant armour {unknown}
 g - a scroll of enchant weapon {unknown}
 j - a scroll of amnesia {unknown}
 k - a scroll of magic mapping
 v - 2 scrolls of immolation
 z - 2 scrolls of vulnerability {unknown}
 K - a scroll of identify
 L - a scroll of noise {unknown}
Potions
 h - a potion of ambrosia
 m - 2 potions of curing
 o - a potion of experience {unknown}
 p - 2 potions of brilliance {unknown}
 q - 2 potions of lignification
 r - a potion of invisibility
 C - a potion of might
 D - 2 potions of attraction
 F - a potion of magic


   Skills:
 * Level 6.2(11.2) Fighting
 + Level 5.1(10.1) Dodging
 + Level 1.7(6.7) Stealth
 + Level 5.7(10.7) Shields
 * Level 13.1(18.1) Unarmed Combat
 * Level 4.2 Invocations
 + Level 0.6 Evocations


You had 10 spell levels left.
You didn't know any spells.
Your spell library contained the following spells:

 Spells                   Type           Power      Damage    Failure   Level
 Animate Skeleton         Necr           0%         N/A       47%         1
 Apportation              Tloc           0%         N/A       47%         1
 Corona                   Hex            0%         N/A       47%         1
 Magic Dart               Conj           0%         1d3       47%         1
 Summon Small Mammal      Summ           0%         N/A       47%         1
 Blink                    Tloc           N/A        N/A       63%         2
 Call Imp                 Summ           0%         N/A       63%         2
 Slow                     Hex            0%         N/A       63%         2
 Conjure Flame            Conj/Fire      0%         6-21      85%         3
 Lesser Beckoning         Tloc           0%         N/A       85%         3
 Mephitic Cloud           Conj/Pois/Air  0%         N/A       85%         3
 Teleport Other           Tloc           0%         N/A       85%         3
 Iskenderun's Mystic Bla  Conj/Tloc      0%         2d3       99%         4
 Disjunction              Tloc           0%         N/A       100%        8


Dungeon Overview and Level Annotations

Branches:
Dungeon (10/15)            Temple (0/1) D:5         Ossuary (visited)
   Lair: D:8-11         Orc: D:9-12

Altars:
Ashenzari
Dithmenos
Kikubaaqudgha
Makhleb
Nemelex Xobeh
Okawaru
Sif Muna
Xom

Shops:
D:5 :

Annotations:
D:8 2 transporters, pigah's ghost, novice OpWn


Innate Abilities, Weirdness & Mutations

You are too large for most types of armour.
You have claws for hands.
Your natural rate of healing is unusually fast.
You are covered in fur. (AC +1)
You have tough skin. (AC +1)


Message History

The death knight offers itself to Yredelemnul, and fills with unholy energy.
You block the skeletal warrior's attack.
You closely miss the skeletal warrior.
The skeletal warrior is moderately damaged.
You claw the skeletal warrior!
The skeletal warrior is heavily damaged.
The skeletal warrior hits you with a +0 short sword!!
You eviscerate the skeletal warrior!!!
You destroy the skeletal warrior!
Okawaru is honoured by your kill.
You can now speed up your combat.
Okawaru will now gift you equipment as you gain piety.
Your base Unarmed Combat skill increases to level 13!
The death knight hits you with a +1 morningstar!
Things that are here:
a +0 short sword; a viscous coppery potion You eviscerate the death knight!!!
The death knight is heavily wounded.
The death knight reflects your damage back at you!
* * * LOW HITPOINT WARNING * * *
You hear two shouts!
You hear a shout!
You hear a roar!
You claw the death knight!
The death knight is severely wounded.
The death knight reflects your damage back at you!
* * * LOW HITPOINT WARNING * * *
The death knight barely misses you.
You closely miss the death knight.
The death knight is severely wounded.
A yaktaur comes into view.
You completely miss the death knight.
The death knight is severely wounded.
You block the death knight's attack.
You closely miss the death knight.
The death knight is severely wounded.
You mangle the death knight!!
You kill the death knight!
Okawaru is honoured by your kill.
Your damage is reflected back at you!
* * * LOW HITPOINT WARNING * * *
The yaktaur hits you!
You die...

#.#<#..##..........
#.#.#..###..#######
#.#.#..# #....#
#.#.#..###..#)######.#..
+...#..........)........
#######.##.#.###.#####.
........##....#
##.##...###..## # #....
#@#...# #... #c)###.#
#...#.... .# #...###.##
.# .#. # # #


You could see a yaktaur.

Vanquished Creatures
  Erolcha (D:9)
  Harold (D:8)
  2 two-headed ogres (D:10)
  Erica (D:9)
  A death knight (D:10)
  A skeletal warrior (D:10)
  Pikel (D:5)
  Maurice (D:8)
  A gargoyle (D:9)
  A komodo dragon (D:10)
  A yaktaur (D:10)
  A troll (D:6)
  A slime creature (D:10)
  Prince Ribbit (D:8)
  6 yaks
  A wraith (D:10)
  A steam dragon (D:6)
  Menkaure (D:4)
  A water moccasin (D:8)
  An orc warrior (D:7)
  A sky beast (D:7)
  A black bear (D:6)
  An ice beast (D:6)
  2 hornet zombies
  2 ogres
  2 necrophages (D:4)
  A phantom (D:7)
  2 lemures (D:5)
  4 centaurs
  A kobold brigand (D:9)
  An elf zombie (Ossuary)
  2 bullfrogs
  A water moccasin zombie (D:7)
  2 scorpions
  A wyvern skeleton (D:5)
  A water moccasin skeleton (D:4)
  4 killer bees (D:8)
  A howler monkey (D:9)
  3 wights (D:8)
  4 centaur zombies
  4 hounds
  A human zombie (Ossuary)
  4 orc priests
  3 jellies
  2 centaur skeletons (D:7)
  3 iguanas
  9 orc wizards
  2 killer bee zombies
  3 mummies
  A howler monkey zombie (D:9)
  3 gnolls (D:6)
  4 adders
  5 shadow imps
  An adder zombie (Ossuary)
  A worm (D:2)
  A dart slug (D:4)
  27 orcs
  5 endoplasms
  8 goblins
  4 hobgoblins
  2 jackals (D:4)
  3 quokkas
  8 ball pythons
  7 bats
  2 frilled lizards (D:3)
  A goblin zombie (Ossuary)
  5 hobgoblin zombies (Ossuary)
  5 jackal zombies (Ossuary)
  14 kobolds
  15 kobold zombies
  6 orc zombies (Ossuary)
  7 rats
  A rat zombie (Ossuary)
230 creatures vanquished.

Vanquished Creatures (others)
  A bush (D:7)
  12 plants (D:4)
13 creatures vanquished.

Grand Total: 243 creatures vanquished

Notes
Turn   | Place    | Note
-------+----------+-------------------------------------------
     0 | D:1      | robertstho the Troll Fighter began the quest for the Orb.
     0 | D:1      | Reached XP level 1. HP: 22/22 MP: 0/0
   376 | D:1      | Reached XP level 2. HP: 29/29 MP: 1/1
   782 | D:2      | Reached XP level 3. HP: 19/36 MP: 2/2
  1455 | D:3      | Reached skill level 3 in Unarmed Combat
  1455 | D:3      | Reached XP level 4. HP: 45/45 MP: 3/3
  1827 | D:3      | Found a faded altar of an unknown god.
  2067 | D:3      | Found a shimmering altar of Xom.
  2217 | D:4      | Reached XP level 5. HP: 49/53 MP: 4/4
  2226 | D:4      | Noticed Menkaure
  2228 | D:4      | Killed Menkaure
  2229 | D:4      | Reached skill level 4 in Unarmed Combat
  2229 | D:4      | Reached XP level 6. HP: 61/61 MP: 5/5
  2255 | D:4      | Reached skill level 5 in Unarmed Combat
  2304 | D:4      | Found an ancient bone altar of Kikubaaqudgha.
  2415 | D:4      | Reached XP level 7. HP: 49/67 MP: 6/6
  2430 | D:4      | Identified the Reference Book on Orientation
  2576 | D:4      | Found a burning altar of Makhleb.
  2607 | D:4      | Reached skill level 6 in Unarmed Combat
  2691 | D:5      | Entered Level 5 of the Dungeon
  2861 | D:5      | Noticed Pikel
  2900 | D:5      | Killed Pikel
  2901 | D:5      | Reached skill level 1 in Stealth
  2901 | D:5      | Reached skill level 7 in Unarmed Combat
  2901 | D:5      | Reached XP level 8. HP: 40/78 MP: 7/7
  3023 | D:5      | Found a sand-covered staircase.
  3030 | Ossuary  | Entered an ossuary
  3184 | Ossuary  | Reached skill level 8 in Unarmed Combat
  3340 | D:5      | Found a faded altar of an unknown god.
  3340 | D:5      | Found an iron altar of Okawaru.
  3348 | D:5      | Found a faded altar of an unknown god.
  3350 | D:5      | Found a broken altar of Ashenzari.
  3352 | D:5      | Found a shadowy altar of Dithmenos.
  3362 | D:5      | Became a worshipper of Warmaster Okawaru
  3397 | D:5      | Found a staircase to the Ecumenical Temple.
  3645 | D:5      | Found Aczitayrgh's Book Boutique.
  4012 | D:6      | Found a sparkling altar of Nemelex Xobeh.
  4054 | D:6      | You fall into a shaft and drop 2 floors!
  4056 | D:8      | Found a shimmering blue altar of Sif Muna.
  4139 | D:8      | Noticed pigah's ghost (novice OpWn)
  4171 | D:8      | Reached XP level 9. HP: 62/85 MP: 8/8
  4234 | D:8      | Noticed Maurice
  4258 | D:8      | Killed Maurice
  4259 | D:8      | Reached skill level 9 in Unarmed Combat
  4259 | D:8      | Reached skill level 1 in Invocations
  4344 | D:8      | Noticed Harold
  4358 | D:8      | Killed Harold
  4358 | D:8      | Reached * piety under Okawaru
  4359 | D:8      | Found a transporter.
  4432 | D:8      | Found a transporter.
  4493 | D:8      | Reached skill level 10 in Unarmed Combat
  4533 | D:8      | Noticed Prince Ribbit
  4696 | D:8      | Killed Prince Ribbit
  4696 | D:8      | Reached ** piety under Okawaru
  4697 | D:8      | Reached skill level 5 in Fighting
  4974 | D:7      | Noticed a cyclops
  4974 | D:7      | Noticed a fire crab
  4975 | D:7      | Noticed a seven-headed hydra
  5125 | D:6      | Reached skill level 5 in Shields
  5277 | D:6      | Reached XP level 10. HP: 89/96 MP: 10/10
  5854 | D:7      | Reached skill level 11 in Unarmed Combat
  6107 | D:7      | Identified the +6 mace of the Pyrrhic Victory {vorpal,
                  | rF+++ Will- Dex+7}
  6600 | D:9      | Reached *** piety under Okawaru
  6615 | D:9      | Noticed Erica
  6630 | D:9      | Killed Erica
  6802 | D:9      | Reached skill level 12 in Unarmed Combat
  6827 | D:9      | Noticed a gargoyle
  6835 | D:9      | Killed a gargoyle
  6925 | D:9      | Noticed Erolcha
  6931 | D:9      | Killed Erolcha
  6931 | D:9      | Reached **** piety under Okawaru
  6932 | D:9      | Reached XP level 11. HP: 94/105 MP: 12/12
  7225 | D:10     | Entered Level 10 of the Dungeon
  7236 | D:10     | Noticed a two-headed ogre
  7241 | D:10     | Reached skill level 5 in Dodging
  7241 | D:10     | Noticed a two-headed ogre
  7241 | D:10     | Noticed a two-headed ogre
  7242 | D:10     | Noticed a two-headed ogre
  7244 | D:10     | Killed a two-headed ogre
  7329 | D:10     | Noticed a two-headed ogre
  7346 | D:10     | Killed a two-headed ogre
  7352 | D:10     | Noticed a skeletal warrior
  7356 | D:10     | Noticed a death knight
  7367 | D:10     | Killed a skeletal warrior
  7367 | D:10     | Reached ***** piety under Okawaru
  7368 | D:10     | Reached skill level 13 in Unarmed Combat
  7374 | D:10     | Killed a death knight
  7374 | D:10     | Slain by a yaktaur

Illustrated notes

Levels and vault maps discovered:
D:1:      psy_arrival_basics, layout_basic, minmay_pentomino_o4
D:2:      layout_basic, minmay_split_cup_small
D:3:      layout_loops_ring, tgw_xom, chequers_ecumenical_altar_simple,
          minivault_5
D:4:      layout_rooms, lemuel_crystal_altar, kennysheep_mini_moat,
          serial_forest, infiniplex_forest_straight_4,
          infiniplex_forest_lined_3, infiniplex_forest_lined_2,
          infiniplex_forest_clump_cross, uniq_menkaure
D:5:      layout_basic, chequers_temple_overflow_minitemple, temple_green,
          serial_shops, nicolae_shop_behind_doors, nicolae_ossuary_entry_giza,
          uniq_pikel
D:6:      layout_loops_ring, nemelex_xobeh_ov_fountains_minmay, st_stairs_6
D:7:      minmay_klotski, layout_basic
D:8:      layout_basic, general_overflow_altar, gammafunk_ghost_stat_death,
          uniq_prince_ribbit1, uniq_harold, uniq_maurice
D:9:      layout_loops_ring, uniq_erolcha, uniq_erica
D:10:     minmay_the_grid_square_5x5_4x4 [minmay_the_grid_square_5x5_bridge,
          minmay_the_grid_square_5x5_two,
          minmay_the_grid_square_5x5_sharp_hourglass,
          minmay_the_grid_square_5x5_beaten_path,
          minmay_the_grid_square_5x5_pentomino_r,
          minmay_the_grid_square_5x5_prize_deathbox,
          minmay_the_grid_square_5x5_prize_itemx,
          minmay_the_grid_square_5x5_eight_small,
          minmay_the_grid_square_5x5_mess,
          minmay_the_grid_square_5x5_prize_open,
          minmay_the_grid_square_5x5_prize_waves,
          minmay_the_grid_square_5x5_inner_i, minmay_the_grid_square_5x5_empty,
          minmay_the_grid_square_5x5_n_small, minmay_the_grid_square_5x5_spiral,
          minmay_the_grid_square_5x5_empty], layout_basic, erik_lair_island,
          serial_shops, kennysheep_little_box, minivault_11

Skill      XL: |  1  2  3  4  5  6  7  8  9 10 11 |
---------------+----------------------------------+-----
Fighting       | 3 4 5 6 |  6.2
Unarmed Combat | 3 4 5 7 8 10 12 13 | 13.1
Dodging        | 3 4 5 |  5.1
Shields        | 3 4 5 |  5.7
Stealth        | 1 |  1.7
Invocations    | 2 3 4 |  4.2
Evocations     | |  0.6

Action                   |  1- 3 |  4- 6 |  7- 9 | 10-12 || total
-------------------------+-------+-------+-------+-------++-------
Melee: Unarmed           |   135 |    78 |   354 |   200 ||   767
Invok: Heroism           |       |       |       |     5 ||     5
Evoke: Wand              |       |       |     6 |       ||     6
  Use: Scroll            |     3 |     3 |     2 |     4 ||    12
       Potion            |     1 |       |     4 |     3 ||     8
 Stab: Sleeping          |     2 |     2 |     1 |     3 ||     8
Armor: Robe              |    58 |    20 |    73 |    29 ||   180
Dodge: Dodged            |    50 |    21 |   132 |    52 ||   255
Block: Kite shield       |    76 |    26 |   186 |    70 ||   358

Table legend: (Time is in decaauts)
 A = Elapsed time spent in this place.
 B = Non-inter-level travel time spent in this place.
 C = Inter-level travel time spent in this place.
 D = Time resting spent in this place.
 E = Time spent auto-exploring this place.
 F = Levels seen in this place.
 G = Mean time per level.
                   A        B        C        D        E       F      G
               +--------+--------+--------+--------+--------+-----+--------+
         Total |   7343 |   6958 |    385 |    179 |   5251 |  11 |  667.5 |
       Dungeon |   7082 |   6697 |    385 |    179 |   5138 |  10 |  708.2 |
       Ossuary |    260 |    260 |      0 |      0 |    113 |   1 |  260.0 |
               +--------+--------+--------+--------+--------+-----+--------+

Top non-repeatable levels by time:
     D:5: 1007 daAuts
     D:7: 896 daAuts
     D:3: 856 daAuts
     D:8: 849 daAuts
     D:9: 760 daAuts
     D:6: 759 daAuts
     D:1: 695 daAuts
     D:2: 681 daAuts
     D:4: 493 daAuts
 Ossuary: 260 daAuts
    D:10: 83 daAuts
